 Dungeon Crawl Stone Soup version 0.28.0-43-g3370ac3207 (webtiles) character file.

Game seed: 8762619580421047405

249 smarlow the Sneak (level 6, 0/30 HPs)
             Began as a Vine Stalker Enchanter on Mar 17, 2022.
             Was an Initiate of Wu Jian.
             Shot with an arrow by a centaur (14 damage)
             ... on level 4 of the Dungeon.
             The game lasted 00:11:52 (4841 turns).

smarlow the Sneak (Vine Stalker Enchanter)          Turns: 4841, Time: 00:11:53

Health: 0/30       AC:  2    Str: 11    XL:     6   Next: 12%
Magic:  0/12       EV: 12    Int: 15    God:    Wu Jian [......]
Gold:   133        SH:  0    Dex: 16    Spells: 1/12 levels left

rFire   . . .      SeeInvis .   o - +1 dagger (speed)
rCold   . . .      Faith    .   (no shield)
rNeg    . . .      Spirit   +   b - +0 robe
rPois   .          Reflect  .   r - +0 hat
rElec   .          Harm     .   (no cloak)
rCorr   .          Rampage  .   (no gloves)
Will    .....                   (no boots)
Stlth   +++.......              (no amulet)
HPRegen 0.90/turn               (no ring)
MPRegen 0.13/turn               (no ring)

@: no status effects
A: fangs 2, regeneration 1, magic shield, antimagic bite, no potion heal 2
a: Renounce Religion


You were on level 4 of the Dungeon.
You worshipped Wu Jian.
Wu Jian was noncommittal.
You visited 1 branch of the dungeon, and saw 4 of its levels.

You collected 133 gold pieces.

Inventory:

Hand Weapons
 a - a +1 dagger
 o - a +1 dagger of speed (weapon)
Armour
 b - a +0 robe (worn)
 r - a +0 hat (worn)
Wands
 p - a wand of digging (6)
 s - a wand of iceblast (11)
Scrolls
 f - 2 scrolls of teleportation
 g - a scroll of amnesia
 j - a scroll of torment
 k - a scroll of fear {unknown}
 l - a scroll of enchant armour
 q - a scroll of fog
Potions
 c - a potion of resistance {unknown}
 d - a potion of degeneration {unknown}
 e - a potion of heal wounds {unknown}
 h - a potion of lignification
 m - a potion of berserk rage {unknown}
 n - a potion of haste {unknown}


   Skills:
 + Level 1.7 Fighting
 + Level 1.9 Short Blades
 + Level 2.3 Dodging
 + Level 4.6 Stealth
 * Level 3.7 Spellcasting
 + Level 3.7 Hexes
 + Level 1.0 Earth Magic


You had one spell level left.
You knew the following spells:

 Your Spells              Type           Power      Damage    Failure   Level
a - Ensorcelled Hibernat  Hex/Ice        16%        N/A       13%         2
b - Confusing Touch       Hex            13%        N/A       12%         3
c - Tukima's Dance        Hex            13%        N/A       12%         3
d - Stone Arrow           Conj/Erth      8%         3d7       41%         3

Your spell library contained the following spells:

 Spells                   Type           Power      Damage    Failure   Level
 Dazzling Flash           Conj/Hex       16%        N/A       26%         3
 Animate Armour           Summ/Erth      8%         N/A       83%         4
 Lehudib's Crystal Spear  Conj/Erth      2%         10d2      100%        8


Dungeon Overview and Level Annotations

Branches:
Dungeon (4/15)
 Temple: D:4-7

Altars:
Wu Jian
Zin

Annotations:
D:4 Dowan, Grinder


Innate Abilities, Weirdness & Mutations

You have extremely sharp teeth.
Your natural rate of healing is unusually fast.
When hurt, damage is shared between your health and your magic reserves.
Your bite disrupts and absorbs the magic of your enemies.
Potions cannot restore your health.


Message History

You hit the water moccasin skeleton. You bite the water moccasin skeleton.
You destroy the water moccasin skeleton!
The Council accepts your kill.
Your Earth Magic skill increases to level 1!
You have reached level 6!
This spell is quite dangerous to cast!
Memorise Tukima's Dance, consuming 3 spell levels and leaving 1?
You start memorising the spell.
You continue memorising. x3
You finish memorising.
Spell assigned to 'd'.
Okay, then.
Adjust (i)tems, (s)pells, or (a)bilities?
Adjust which spell? b - Stone Arrow Adjust to which letter? c - Stone Arrow; b - Confusing Touch Adjust (i)tems, (s)pells, or (a)bilities?
Adjust which spell? c - Stone Arrow Adjust to which letter? d - Stone Arrow; c - Tukima's Dance
Found a robe.
You now have 133 gold pieces (gained 7).
A centaur comes into view.
The centaur wields a +0 shortbow.
The centaur shoots an arrow.
The arrow barely misses you.
The centaur resists with some effort.
The centaur shoots an arrow.
The arrow hits you!
The centaur resists with some effort.
The centaur resists with some effort.
The centaur shoots an arrow.
The arrow hits you.
The centaur shoots an arrow.
The arrow misses you.
The centaur resists with some effort.
The centaur shoots an arrow.
The arrow hits you!
Blink to where?
Press: ? - help, Dir - move target, p - centaur
As you read the scroll of blinking, it crumbles to dust.
The centaur shoots an arrow.
The arrow closely misses you.
The centaur shoots an arrow.
The arrow hits you!
* * * LOW HITPOINT WARNING * * *
The centaur shoots an arrow.
The arrow hits you!
You die...

######## ##......##
###### #........##
#....## #.........#
##.....##
##......####
##.......###.....###
##.........#......#
#.............c#..#
##..†.....@...###.##
#.....###.....# #.#
##....##8##...## #.#
# #....##...##.##
#.# #
##....#8...8#..#
##.#
#####....##.....##.#
#.c##
.##.....##8.._.....#
#...####
......#####.....####
#......## .....##
#8...8# #.......##


You could see a centaur.

Vanquished Creatures
  A water moccasin skeleton (D:4)
  A hound (D:4)
  Jessica (D:2)
  An orc wizard (D:3)
  3 gnolls (D:2)
  2 adders
  2 worms
  4 dart slugs
  3 orcs (D:3)
  2 endoplasms
  A giant cockroach (D:1)
  5 goblins
  11 hobgoblins
  2 quokkas
  8 ball pythons
  2 bats (D:1)
  5 frilled lizards
  5 kobolds
  3 rats
62 creatures vanquished.

Notes
Turn   | Place    | Note
-------+----------+-------------------------------------------
     0 | D:1      | smarlow the Vine Stalker Enchanter began the quest for the
                  | Orb.
     0 | D:1      | Reached XP level 1. HP: 9/9 MP: 4/4
   169 | D:1      | Reached skill level 1 in Short Blades
   193 | D:1      | Reached XP level 2. HP: 13/13 MP: 6/6
   204 | D:1      | Learned a level 2 spell: Ensorcelled Hibernation
   702 | D:1      | Reached skill level 4 in Stealth
  1278 | D:1      | Found a faded altar of an unknown god.
  1514 | D:1      | Reached XP level 3. HP: 17/17 MP: 7/7
  2324 | D:2      | Reached skill level 1 in Fighting
  2523 | D:2      | Noticed Jessica
  2545 | D:2      | Gained mutation: Your natural rate of healing is unusually
                  | fast. [Vine Stalker growth]
  2545 | D:2      | Reached XP level 4. HP: 9/22 MP: 6/9
  2548 | D:2      | Killed Jessica
  2980 | D:2      | Learned a level 3 spell: Stone Arrow
  2984 | D:2      | Learned a level 3 spell: Confusing Touch
  3317 | D:3      | Reached XP level 5. HP: 25/25 MP: 3/10
  3561 | D:3      | Found a glowing silver altar of Zin.
  3634 | D:3      | You fall into a shaft and drop 1 floor!
  4568 | D:4      | Noticed Grinder
  4628 | D:4      | Noticed Dowan
  4771 | D:4      | Found an ornate altar of the Wu Jian Council.
  4777 | D:4      | Became a worshipper of the Wu Jian Council
  4793 | D:4      | Reached skill level 1 in Earth Magic
  4793 | D:4      | Reached XP level 6. HP: 30/30 MP: 12/12
  4797 | D:4      | Learned a level 3 spell: Tukima's Dance
  4841 | D:4      | Shot with an arrow by a centaur

Illustrated notes

Levels and vault maps discovered:
D:1:      heliophobic_arrival_enchanted_forest, layout_loops_corners,
          basic_ecumenical_altar
D:2:      layout_basic, minmay_split_cup_small, uniq_jessica
D:3:      layout_loops_ring, mainiacjoe_overflow_surrounded_room,
          chequers_serial_rivers_marsh
D:4:      layout_cave_pods, nzn_wu_jian_council_hall,
          lemuel_mausoleum_altar_kikubaaqudgha, uniq_duvessa, uniq_grinder

Skill      XL: |  1  2  3  4  5 |
---------------+----------------+-----
Short Blades   | 1 |  1.9
Stealth        | 4 |  4.6
Fighting       | 1 |  1.7
Spellcasting   | 3 |  3.7
Dodging        | 2 |  2.3
Earth Magic    | 1 |  1.0
Hexes          | |  3.7

Action                   |  1- 3 |  4- 6 || total
-------------------------+-------+-------++-------
Melee: Dagger            |    82 |    42 ||   124
       Bite              |    13 |     9 ||    22
 Cast: Ensorcelled Hiber |    16 |    32 ||    48
       Confusing Touch   |       |     1 ||     1
Invok: Lunge             |       |     2 ||     2
  Use: Potion            |     1 |     3 ||     4
       Scroll            |       |     8 ||     8
 Stab: Sleeping          |    19 |    16 ||    35
       Invisible         |     1 |     1 ||     2
       Confused          |       |     1 ||     1
Armor: Robe              |     7 |     1 ||     8
Dodge: Dodged            |    49 |    11 ||    60
